Map: Hard Lead LE

Players

DarkTemplar - Winner!

  • Race: Protoss Protoss
  • League: Platinum
  • Spawn Location: 11:00

funsizek

  • Race: Zerg Zerg
  • League: Diamond
  • Spawn Location: 5:00

VOD

Have the link to the VOD?

Description

Time

  • Played on: Oct. 22, 2023, 2:11 a.m.
  • Length: 13:29
Show
View Real Time Build Order
Export as new Build Order

DarkTemplar Protoss - Winner!

Build Orders: Nexus First 

Get SALT Encoding   

  12  0:00  Probe  
  13  0:12  Probe  
  14  0:42  Nexus  
  14  0:48  Pylon  
  14  0:52  Probe  
  15  1:06  Gateway  
  15  1:09  Probe (Chrono Boost)  
  16  1:20  Forge  
  16  1:22  Probe (Chrono Boost)  
  17  1:29  Assimilator  
  17  1:31  Probe  
  18  1:44  Probe  
  19  1:54  Zealot  
  19  1:56  Probe x2  
  23  2:03  Cybernetics Core  
  23  2:08  Probe  
  24  2:11  Photon Cannon  
  24  2:13  Probe  
  25  2:19  Assimilator  
  25  2:24  Probe  
  28  2:33  Probe  
  28  2:37  Probe  
  30  2:39  Warp Gate  
  30  2:43  Pylon  
  30  2:46  Probe  
  31  2:53  Adept  
  31  2:56  Probe  
  31  2:58  Probe (Chrono Boost)  
  33  3:03  Shield Battery  
  33  3:06  Assimilator  
  33  3:10  Probe (Chrono Boost)  
  35  3:14  Probe (Chrono Boost)  
  35  3:16  Stargate  
  35  3:18  Probe (Chrono Boost)  
  36  3:22  Probe (Chrono Boost)  
  36  3:24  Probe  
  36  3:26  Assimilator  
  38  3:28  Adept (Chrono Boost)  
  38  3:32  Probe  
  41  3:36  Probe  
  42  3:44  Probe  
  43  4:01  Gateway  
  43  4:02  Gateway  
  43  4:03  Oracle  
  43  4:04  Gateway  
  43  4:08  Pylon x2  
  46  4:26  Probe x2  
  48  4:33  Sentry  
  50  4:39  Twilight Council  
  50  4:41  Fleet Beacon  
  50  4:43  Oracle  
  49  5:42  Void Ray (Chrono Boost)  
  53  5:44  Stargate  
  53  5:45  Zealot  
  53  5:48  Charge  
  55  5:51  Zealot x3  
  61  5:59  Protoss Air Weapons Level 1  
  62  6:41  Void Ray (Chrono Boost)  
  62  6:43  Pylon  
  62  6:45  Pylon  
  62  7:02  Pylon  
  62  7:03  Nexus, Sentry  
  62  7:04  Zealot, Pylon  
  62  7:05  Zealot x2  
  62  7:07  Void Ray, Pylon  
  74  7:20  Nexus  
  74  7:21  Pylon  
  84  7:24  Pylon  
  84  7:28  Mothership (Chrono Boost), Void Ray, Pylon  
  84  7:29  Pylon  
  84  7:43  Photon Cannon  
  84  7:45  Photon Cannon  
  84  7:50  Templar Archives  
  84  8:05  Zealot x3  
  90  8:06  Zealot  
  92  8:14  Probe  
  93  8:26  Probe  
  94  8:32  Assimilator  
  94  8:37  Assimilator  
  94  8:39  Probe  
  95  8:42  Gateway x2  
  95  8:43  High Templar x2  
  95  8:44  High Templar x2  
  95  8:47  Archon  
  103  8:48  Archon  
  103  8:49  Probe (Chrono Boost)  
  105  8:56  Probe (Chrono Boost)  
  105  9:00  Probe (Chrono Boost)  
  108  9:04  Probe (Chrono Boost)  
  108  9:05  Probe x3 (Chrono Boost)  
  110  9:15  Carrier, Probe x2  
  118  9:22  Carrier  
  124  9:27  Probe  
  125  9:32  High Templar x2  
  125  9:33  High Templar  
  125  9:34  High Templar  
  133  9:57  Zealot x2  
  137  10:00  Archon  
  137  10:01  Archon  
  137  10:11  Probe  
  138  10:14  Gateway x2  
  138  10:17  Gateway  
  138  10:23  Probe  
  140  10:35  Probe  
  130  10:53  Photon Cannon  
  130  10:55  Photon Cannon  
  84  11:18  Oracle (Chrono Boost)  
  84  11:19  Zealot x8, Oracle (Chrono Boost)  
  91  11:46  Probe  
  92  11:54  Pylon  
  92  12:01  Carrier x2 (Chrono Boost)  
  99  12:02  Probe (Chrono Boost)  
  111  12:08  Mothership (Chrono Boost)  
  111  12:13  Probe (Chrono Boost)  
  104  12:22  Probe  
  82  12:34  Probe  
  82  12:35  Zealot x5  
  93  12:37  Zealot x3  
  105  13:05  Zealot  
  105  13:06  Zealot x2  
  105  13:12  Cybernetics Core  
Show
View Real Time Build Order
Export as new Build Order

funsizek Zerg 

Build Orders: Pool First, Lurkers 

Get SALT Encoding   

  12  0:11  Drone x2  
  14  0:15  Extractor, Drone  
  14  0:19  Extractor  
  13  0:25  Drone  
  16  0:33  Overlord  
  16  0:47  Spawning Pool  
  15  1:09  Drone  
  15  1:11  Hatchery  
  15  1:12  Drone  
  16  1:20  Extractor  
  15  1:34  Queen  
  15  1:35  Zergling x4  
  15  1:36  Zergling x2  
  20  1:54  Overlord  
  20  2:02  Drone  
  20  2:07  Drone  
  22  2:12  Queen  
  24  2:18  Drone  
  24  2:22  Queen  
  26  2:32  Drone x2  
  26  2:37  Metabolic Boost  
  28  2:40  Drone  
  28  2:43  Drone  
  30  2:46  Drone  
  30  2:51  Drone  
  32  2:52  Drone  
  32  2:55  Drone  
  34  2:58  Drone  
  35  3:16  Hatchery  
  34  3:22  Extractor  
  34  3:23  Extractor, Drone  
  34  3:24  Drone  
  34  3:25  Drone  
  37  3:29  Overlord  
  37  3:33  Overlord  
  37  3:47  Queen  
  39  3:49  Extractor  
  39  3:53  Drone  
  39  3:54  Roach Warren  
  39  3:55  Drone  
  39  3:57  Drone  
  39  3:59  Drone  
  39  4:02  Drone  
  42  4:06  Drone  
  42  4:07  Drone  
  42  4:08  Drone  
  45  4:19  Drone  
  45  4:21  Drone x5  
  45  4:23  Drone  
  52  4:26  Overlord  
  51  4:32  Lair  
  51  4:35  Roach  
  51  4:37  Roach  
  55  4:40  Overlord  
  54  5:06  Drone x5  
  59  5:07  Roach  
  59  5:08  Roach x2  
  59  5:12  Drone  
  59  5:13  Drone x2  
  68  5:14  Drone  
  68  5:15  Queen  
  68  5:21  Extractor x2  
  70  5:24  Evolution Chamber  
  70  5:26  Roach x2, Evolution Chamber  
  70  5:27  Roach  
  71  5:39  Drone, Spore Crawler  
  71  5:40  Drone x3  
  71  5:41  Overlord  
  74  5:59  Queen  
  76  6:07  Drone x3  
  76  6:08  Drone  
  76  6:09  Drone x3, Hatchery  
  76  6:10  Overlord  
  82  6:17  Drone, Hydralisk Den  
  82  6:18  Overlord  
  82  6:21  Overlord  
  80  6:32  Queen  
  82  6:35  Drone x2  
  82  6:36  Drone  
  82  6:38  Drone  
  82  6:39  Drone x5  
  91  6:41  Drone  
  91  6:42  Drone  
  93  6:50  Lurker Den  
  92  6:56  Extractor  
  92  6:57  Extractor  
  90  7:02  Drone x2  
  90  7:03  Drone x2  
  90  7:04  Drone, Hydralisk x3  
  90  7:05  Hydralisk  
  90  7:08  Overlord  
  103  7:16  Grooved Spines  
  103  7:20  Zerg Ground Armor Level 1  
  103  7:21  Zerg Missile Weapons Level 1  
  103  7:28  Drone x3  
  103  7:29  Drone  
  108  7:30  Drone x2  
  108  7:31  Drone x2  
  111  7:38  Pneumatized Carapace  
  111  7:41  Overlord  
  111  7:46  Infestation Pit  
  111  7:50  Evolution Chamber  
  109  7:55  Overlord x3  
  109  7:56  Overlord  
  109  7:59  Extractor  
  109  8:02  Extractor  
  107  8:06  Muscular Augments  
  107  8:07  Lurker x2  
  107  8:08  Lurker x2  
  107  8:10  Overseer x3  
  107  8:11  Overseer  
  111  8:16  Hydralisk  
  111  8:17  Hydralisk x4  
  111  8:19  Drone  
  123  8:20  Drone, Queen  
  123  8:21  Drone  
  123  8:22  Drone  
  123  8:23  Drone  
  123  8:24  Drone  
  123  8:25  Hydralisk  
  131  8:28  Hydralisk  
  131  8:30  Hydralisk  
  131  8:33  Roach x2  
  139  8:35  Roach  
  139  8:36  Roach  
  139  8:38  Hydralisk  
  145  8:43  Hive  
  145  8:48  Zerg Melee Weapons Level 1  
  145  8:53  Drone x2, Hydralisk  
  145  8:54  Hydralisk  
  145  8:55  Overlord  
  151  8:56  Overlord  
  151  8:59  Overlord  
  151  9:00  Overlord  
  151  9:09  Overlord x2  
  151  9:11  Overlord x2  
  151  9:13  Queen  
  153  9:18  Hydralisk x2  
  153  9:19  Hydralisk  
  153  9:20  Hydralisk  
  153  9:22  Hydralisk  
  163  9:24  Hydralisk  
  163  9:26  Hydralisk  
  163  9:28  Hydralisk  
  163  9:30  Hydralisk  
  171  9:33  Hydralisk  
  171  9:34  Lurker  
  171  9:35  Lurker  
  171  9:36  Lurker  
  171  9:37  Lurker  
  175  9:58  Hydralisk  
  175  9:59  Hydralisk x3  
  181  10:00  Hydralisk x2  
  181  10:01  Hydralisk x2  
  181  10:02  Hatchery  
  181  10:03  Hydralisk  
  181  10:05  Hydralisk  
  194  10:07  Lurker  
  195  10:27  Drone  
  195  10:28  Drone x3  
  199  10:29  Drone  
  200  10:42  Zerg Missile Weapons Level 2  
  138  11:38  Spawning Pool  
  126  12:02  Drone x3  
  126  12:03  Drone x4  
  126  12:04  Drone x2  
  80  12:37  Queen  
  80  12:38  Queen  
  80  12:42  Queen  
  71  13:09  Spore Crawler  
  71  13:10  Spore Crawler  
  69  13:15  Spore Crawler  
  69  13:16  Spore Crawler x2  
  69  13:19  Spore Crawler  
Tags
 
Add a new tag
Caveats
  • Supply blocks, unpowered buildings, or Contaminate may cause inaccurate times.
  • Supply counts are checked every 10 seconds.